 Dungeon Crawl Stone Soup version 0.27.1-34-g3ba077fa99 (webtiles) character file.

Game seed: 13336091252762905814

63 cbfl8 the Sneak (level 3, -1/33 HPs)
             Began as a Minotaur Delver on Jan 16, 2022.
             Slain by a gnoll (4 damage)
             ... on level 2 of the Dungeon.
             The game lasted 00:03:03 (1331 turns).

cbfl8 the Sneak (Minotaur Delver)                   Turns: 1331, Time: 00:03:04

Health: -1/33      AC:  8    Str: 16    XL:     3   Next: 87%
Magic:  2/2        EV:  9    Int:  8    God:
Gold:   93         SH:  7    Dex: 11    Spells: 2/2 levels left

rFire    + . .     SeeInvis .   a - +0 hand axe
rCold    . . .     Faith    .   p - +0 kite shield
rNeg     . . .     Spirit   .   b - +1 leather armour
rPois    .         Reflect  .   (helmet restricted)
rElec    .         Harm     .   (no cloak)
rCorr    .         Rampage  .   (no gloves)
Will     .....                  (no boots)
Stlth    ++........             (no amulet)
HPRegen  0.11/turn              l - ring of protection from fire
MPRegen  0.08/turn              m - +4 ring of protection

@: about to teleport
A: horns 2, retaliatory headbutt
a: no special abilities


You were on level 2 of the Dungeon.
You visited 1 branch of the dungeon, and saw 4 of its levels.

You collected 93 gold pieces.

Inventory:

Hand Weapons
 a - a +0 hand axe (weapon)
Armour
 b - a +1 leather armour (worn)
 n - a +0 helmet
 p - a +0 kite shield (worn)
Jewellery
 l - a ring of protection from fire (left hand)
 m - a +4 ring of protection (right hand)
Wands
 g - a wand of digging (3)
Scrolls
 c - a scroll of fog
 d - a scroll of magic mapping
 e - a scroll of fear
 o - a scroll of amnesia
Potions
 f - a potion of haste
 h - 2 potions of heal wounds {unknown}


   Skills:
 + Level 3.9 Fighting
 + Level 3.0 Axes
 + Level 0.8 Armour
 + Level 2.6 Dodging
 + Level 4.8 Stealth


You had 2 spell levels left.
You didn't know any spells.
Your spell library was empty.

Dungeon Overview and Level Annotations

Branches:
Dungeon (5/15)
 Temple: D:4-7

Altars:
Vehumet

Shops:
D:2 =


Innate Abilities, Weirdness & Mutations

You have a pair of horns on your head.
You reflexively headbutt those who attack you in melee.


Message History

The gnoll is heavily wounded.
The gnoll barely misses you. You furiously retaliate!
You headbutt the gnoll!
You kill the gnoll!
Your Axes skill increases to level 3!
You block the gnoll's attack.
You see here a +0 whip.
You hit the gnoll. You headbutt the gnoll.
The gnoll is heavily wounded.
The gnoll hits you with a +0 flail.
You barely miss the gnoll.
The gnoll is heavily wounded.
The gnoll hits you with a +0 flail! You block the gnoll's attack.
You hit the gnoll.
You headbutt the gnoll, but do no damage.
The gnoll is almost dead.
The gnoll barely misses you.
You closely miss the gnoll.
The gnoll is almost dead.
The gnoll hits you with a +0 flail!
You hit the gnoll but do no damage.
The gnoll is almost dead.
You block the gnoll's attack. The gnoll hits you with a +0 flail.
* * * LOW HITPOINT WARNING * * *
Your shield prevents you from hitting the gnoll.
The gnoll is almost dead.
You block the gnoll's attack.
As you read the scroll labelled IQE AGUFFU, it crumbles to dust.
It is a scroll of enchant armour.
Your +0 leather armour glows green for a moment.
The gnoll closely misses you. You furiously retaliate!
You headbutt the gnoll.
As you read the scroll labelled WESTID KEG UJI, it crumbles to dust.
It is a scroll of identify.
o - a scroll of amnesia The gnoll hits you but does no damage.
As you read the scroll labelled EHUINL FOJIUF, it crumbles to dust.
You feel strangely unstable.
It was a scroll of teleportation.
The gnoll hits you with a +0 flail.
* * * LOW HITPOINT WARNING * * *
The gnoll hits you with a +0 flail.
You die...

#.#.#####.#.##.#.....#..# #.#
#.#.#.#≈.....≈..# ######.#
##.#..#.≈≈...≈.≈#.
...##.####.##.#.#..≈.≈≈≈.≈..#
######.##.#... #...#≈≈≈≈≈≈.≈...#
.........>#.#####.......≈_.≈....#
######..#.........#.#≈≈≈≈≈≈(≈...#
#....#.#####.#.#..≈.≈≈≈.≈..#
#.#..#.# #.@....#.≈≈...≈.≈#.
#.#..#.# #g#.....#≈.....≈..#
######.#..#.# #g#.##.#.#.....#.##
.......#..#g# #.#.##.#..#####.##
.#######..#.# #g#.##.#.......##
.....# #..#g# #.#.##.#.##.....#
###.## #..# ..#.##.#.##.#.#.# #.#
..#.##.#..#.#.#.# #.#
#.#.##.##.#.#.#.#


You could see 3 gnolls.

Vanquished Creatures
  A gnoll (D:2)
  3 adders
  A dart slug (D:2)
  An orc (D:3)
  A bat (D:2)
  2 endoplasms (D:2)
  A hobgoblin (D:2)
  4 jackals (D:2)
  2 ball pythons (D:3)
  A frilled lizard (D:2)
  4 kobolds
  2 rats (D:2)
23 creatures vanquished.

Vanquished Creatures (others)
  12 plants (D:3)
12 creatures vanquished.

Grand Total: 35 creatures vanquished

Notes
Turn   | Place    | Note
-------+----------+-------------------------------------------
     0 | D:5      | cbfl8 the Minotaur Delver began the quest for the Orb.
     0 | D:5      | Reached XP level 1. HP: 19/19 MP: 0/0
    46 | D:4      | Noticed a wight
   346 | D:3      | Found a radiant altar of Vehumet.
   359 | D:3      | Reached XP level 2. HP: 27/27 MP: 1/1
   703 | D:2      | Found Muihik's Jewellery Emporium.
   712 | D:2      | Reached XP level 3. HP: 33/33 MP: 2/2
   817 | D:2      | Found a faded altar of an unknown god.
  1331 | D:2      | Slain by a gnoll

Illustrated notes

Levels and vault maps discovered:
D:2:      layout_basic, serial_shops, shop,
          shapermc_ecumenical_altar_starsandcircs, uniq_crazy_yiuf_cottage
D:3:      minmay_chambers_of_twos, layout_loops_ring, vehumet_crystals,
          serial_shops, nicolae_shop_crystal, serial_bayou,
          serial_bayou_shore_a, serial_bayou_shore_b, serial_bayou_lagoon_a,
          serial_bayou_ford_a, uniq_terence
D:4:      layout_cave_pools, temple_green, uniq_eustachio, uniq_blork_the_orc
D:5:      layout_rooms, kennysheep_orc_sif_temple, serial_shops, shop,
          minmay_misc_feat_alley, kennysheep_generic_room_3, uniq_ijyb,
          uniq_prince_ribbit1, uniq_pikel

Skill      XL: |  1  2  3 |
---------------+----------+-----
Axes           | 3 |  3.0
Fighting       | |  3.9
Armour         | |  0.8
Dodging        | |  2.6
Stealth        | |  4.8

Action                   || total
-------------------------++-------
Melee: Hand axe          ||    50
       Headbutt          ||     5
  Use: Scroll            ||     3
 Stab: Sleeping          ||     3
Armor: Leather armour    ||    18
Dodge: Dodged            ||    31
Block: Kite shield       ||    13
